| TOP OF THE 1ST |
|
Rochester Red Wings batting - Pitching for Columbus Clippers : RHP Roberto Reyes
|
|
Pitching: RHP Roberto Reyes
|
|
|
Batting: LHB Jon Ventura
|
0-0: Ball 1-0: Called Strike 1-1: Foul Ball, location: 2F 1-2: Strikes out swinging
|
|
Batting: SHB Ian Thompson
|
0-0: Swinging Strike 0-1: Foul Ball, location: 2F 0-2: Ball 1-2: Ground out U3 (Groundball, 34, EV 103.1 MPH)
|
|
Batting: RHB Leo Gonzalez
|
0-0: Ball 1-0: Ball 2-0: Called Strike 2-1: Ball 3-1: Foul Ball, location: 2F 3-2: Base on Balls
|
|
Batting: LHB Chaim Huting
|
0-0: Ball 1-0: Called Strike 1-1: Foul Ball, location: 2F 1-2: Ball 2-2: Ball 3-2: Strikes out swinging
|
| Top of the 1st over - 0 runs, 0 hits, 0 errors, 1 left on base; Rochester 0 - Columbus 0 |
| BOTTOM OF THE 1ST |
|
Columbus Clippers batting - Pitching for Rochester Red Wings : RHP Mike Moon
|
|
Pitching: RHP Mike Moon
|
|
|
Batting: LHB John Harring
|
0-0: Ground out 5-3 (Groundball, 56, EV 108.8 MPH)
|
|
Batting: RHB Jason Sher
|
0-0: SINGLE (Groundball, 34D, EV 106.9 MPH)
|
|
Batting: SHB Valentin Laporte
|
0-0: Ball 1-0: Called Strike 1-1: Called Strike 1-2: Fly out, F8 (Flyball, 8RXD, EV 102.5 MPH)
|
|
Batting: LHB Zion Davidson
|
0-0: SINGLE (Groundball, 15S, EV 70.0 MPH) (infield hit) Jason Sher to second
|
|
Batting: RHB Eddie LaRose
|
0-0: Called Strike 0-1: Foul Ball, location: 2F 0-2: Ball 1-2: Ball 2-2: Strikes out swinging
|
| Bottom of the 1st over - 0 runs, 2 hits, 0 errors, 2 left on base; Rochester 0 - Columbus 0 |
| TOP OF THE 2ND |
|
Rochester Red Wings batting - Pitching for Columbus Clippers : RHP Roberto Reyes
|
|
Batting: RHB Jason Gee
|
0-0: Called Strike 0-1: Swinging Strike 0-2: Ball 1-2: Foul Ball, location: 2F 1-2: Ball 2-2: Foul Ball, location: 2F 2-2: Strikes out swinging
|
|
Batting: RHB Colin Boddy
|
0-0: Called Strike 0-1: Swinging Strike 0-2: Strikes out swinging, 2-3 out at first.
|
|
Batting: RHB Ryan Gautney
|
0-0: Called Strike 0-1: Ground out 6-3 (Groundball, 6, EV 88.1 MPH)
|
| Top of the 2nd over - 0 runs, 0 hits, 0 errors, 0 left on base; Rochester 0 - Columbus 0 |
| BOTTOM OF THE 2ND |
|
Columbus Clippers batting - Pitching for Rochester Red Wings : RHP Mike Moon
|
|
Batting: RHB Mike Quackenbush
|
0-0: Ball 1-0: Foul Ball, location: 2F 1-1: Foul Ball, location: 2F 1-2: Foul Ball, location: 2F 1-2: Ball 2-2: Ball 3-2: DOUBLE (Line Drive, 89D, EV 111.2 MPH)
|
|
Batting: RHB Chad Thompson
|
0-0: Called Strike 0-1: Ball 1-1: Ball 2-1: Ground out 4-3 (Groundball, 4, EV 106.2 MPH) Mike Quackenbush to third
|
|
Batting: SHB Scott Scott
|
0-0: Foul Ball, location: 2F 0-1: Ball 1-1: Called Strike 1-2: Strikes out looking
|
|
Batting: RHB George Wagner
|
0-0: Ball 1-0: Ball 2-0: Swinging Strike 2-1: SINGLE (Groundball, 6, EV 99.4 MPH) Mike Quackenbush scores
|
|
Batting: LHB John Harring
|
0-0: Called Strike 0-1: Called Strike 0-2: Ball George Wagner is caught stealing 2nd base 2-6
|
| Bottom of the 2nd over - 1 run, 2 hits, 0 errors, 0 left on base; Rochester 0 - Columbus 1 |
| TOP OF THE 3RD |
|
Rochester Red Wings batting - Pitching for Columbus Clippers : RHP Roberto Reyes
|
|
Batting: RHB Pedro Pinero
|
0-0: Ball 1-0: Called Strike 1-1: Foul Ball, location: 2F 1-2: Ball 2-2: Ball 3-2: Base on Balls
|
|
Batting: RHB Dan Grable
|
0-0: Called Strike 0-1: Swinging Strike 0-2: Foul Ball, location: 2F 0-2: Foul Ball, location: 2F 0-2: Ball 1-2: Ball 2-2: Ball 3-2: Foul Ball, location: 2F 3-2: Foul Ball, location: 2F 3-2: Strikes out swinging
|
|
Batting: LHB Jon Ventura
|
0-0: Fielders Choice at 2nd, 1-6 (Groundball, 13, EV 70.6 MPH)
|
|
Batting: SHB Ian Thompson
|
0-0: Called Strike 0-1: Ball 1-1: Ball Jon Ventura steals 2nd base (no throw) 2-1: Foul Ball, location: 2F 2-2: SINGLE (Line Drive, 6MD, EV 100.0 MPH) Jon Ventura to third Runner from 3rd tries for Home, SAFE, throw by CF to home
|
|
Batting: RHB Leo Gonzalez
|
0-0: Ball 1-0: Swinging Strike 1-1: Ball 2-1: Ball 3-1: Foul Ball, location: 2F 3-2: Strikes out swinging
|
| Top of the 3rd over - 1 run, 1 hit, 0 errors, 1 left on base; Rochester 1 - Columbus 1 |
| BOTTOM OF THE 3RD |
|
Columbus Clippers batting - Pitching for Rochester Red Wings : RHP Mike Moon
|
|
Batting: LHB John Harring
|
0-0: Ball 1-0: Ball 2-0: Called Strike 2-1: Foul Ball, location: 2F 2-2: Ground out U3 (Groundball, 3, EV 106.9 MPH)
|
|
Batting: RHB Jason Sher
|
0-0: Foul Ball, location: 2F 0-1: Swinging Strike 0-2: Foul Ball, location: 2F 0-2: Strikes out swinging
|
|
Batting: SHB Valentin Laporte
|
0-0: Ball 1-0: Swinging Strike 1-1: Ball 2-1: Ball 3-1: Base on Balls
|
|
Batting: LHB Zion Davidson
|
0-0: Called Strike 0-1: Ball Valentin Laporte steals 2nd base 1-1: Foul Ball, location: 2F 1-2: Ball 2-2: Strikes out swinging
|
| Bottom of the 3rd over - 0 runs, 0 hits, 0 errors, 1 left on base; Rochester 1 - Columbus 1 |
| TOP OF THE 4TH |
|
Rochester Red Wings batting - Pitching for Columbus Clippers : RHP Roberto Reyes
|
|
Batting: LHB Chaim Huting
|
0-0: Ball 1-0: Ground out 4-3 (Groundball, 4, EV 104.4 MPH)
|
|
Batting: RHB Jason Gee
|
0-0: Ball 1-0: SINGLE (Groundball, 56D, EV 96.9 MPH)
|
|
Batting: RHB Colin Boddy
|
0-0: Ball Jason Gee steals 2nd base 1-0: Ball 2-0: Called Strike 2-1: Fly out, F8 (Flyball, 8RS, EV 90.6 MPH)
|
|
Batting: RHB Ryan Gautney
|
0-0: SINGLE (Groundball, 56D, EV 99.4 MPH) Jason Gee to third Runner from 3rd tries for Home, SAFE, throw by LF to home
|
|
Batting: RHB Pedro Pinero
|
0-0: Called Strike 0-1: DOUBLE (Line Drive, 7LM, EV 111.2 MPH) Ryan Gautney to third
|
|
Pinch Runner at 2nd José Molina:
|
|
|
Batting: RHB Dan Grable
|
0-0: Ball 1-0: Swinging Strike 1-1: Foul Ball, location: 2F 1-2: Foul Ball, location: 2F 1-2: Ball 2-2: Ball 3-2: Ground out 4-3 (Groundball, 4, EV 101.2 MPH)
|
| Top of the 4th over - 1 run, 3 hits, 0 errors, 2 left on base; Rochester 2 - Columbus 1 |
| BOTTOM OF THE 4TH |
|
Columbus Clippers batting - Pitching for Rochester Red Wings : RHP Mike Moon
|
|
Now at 2B: José Molina
|
|
|
Batting: RHB Eddie LaRose
|
0-0: SINGLE (Groundball, 56D, EV 101.9 MPH)
|
|
Batting: RHB Mike Quackenbush
|
0-0: Swinging Strike 0-1: Ball 1-1: Ball 2-1: Ground out 5-3 (Groundball, 56S, EV 72.5 MPH) Eddie LaRose to second
|
|
Batting: RHB Chad Thompson
|
0-0: Ball 1-0: Ball 2-0: Ball 3-0: Called Strike 3-1: Called Strike 3-2: Foul Ball, location: 2F 3-2: SINGLE (Line Drive, 6D, EV 103.1 MPH) Eddie LaRose to third
|
|
Batting: SHB Scott Scott
|
0-0: Called Strike 0-1: Foul Ball, location: 2F Balk! Eddie LaRose scores Chad Thompson to second 0-2: Ball 1-2: Strikes out swinging
|
|
Batting: RHB George Wagner
|
0-0: Swinging Strike 0-1: Called Strike 0-2: Strikes out swinging
|
| Bottom of the 4th over - 1 run, 2 hits, 0 errors, 1 left on base; Rochester 2 - Columbus 2 |
| TOP OF THE 5TH |
|
Rochester Red Wings batting - Pitching for Columbus Clippers : RHP Roberto Reyes
|
|
Batting: LHB Jon Ventura
|
0-0: Ball 1-0: Called Strike 1-1: Swinging Strike 1-2: SINGLE (Groundball, 34S, EV 69.4 MPH) (infield hit)
|
|
Batting: SHB Ian Thompson
|
0-0: Ball 1-0: Ball 2-0: Ball 3-0: Base on Balls Jon Ventura to second
|
|
Batting: RHB Leo Gonzalez
|
0-0: Called Strike 0-1: Ball 1-1: Foul Ball, location: 2F 1-2: DOUBLE (Flyball, 78XD, EV 96.9 MPH) Jon Ventura scores Ian Thompson to third
|
|
Batting: LHB Chaim Huting
|
0-0: Called Strike 0-1: Foul Ball, location: 2F 0-2: Ball 1-2: Foul Ball, location: 2F 1-2: Ball 2-2: Ball 3-2: Fly out, F7 (Flyball, 78S, EV 86.9 MPH)
|
|
Batting: RHB Jason Gee
|
0-0: SINGLE (Groundball, 34, EV 104.4 MPH) Ian Thompson scores Leo Gonzalez to third Runner from 3rd tries for Home, SAFE, throw by RF to home
|
|
Pitching: RHP Dennis Beals
|
|
|
Batting: RHB Colin Boddy
|
0-0: Called Strike Jason Gee steals 2nd base 0-1: Called Strike 0-2: Foul Ball, location: 2F 0-2: SINGLE (Line Drive, 4D, EV 97.5 MPH) Jason Gee to third
|
|
Batting: RHB Ryan Gautney
|
0-0: Called Strike 0-1: DOUBLE (Groundball, 5L, EV 105.0 MPH) Jason Gee scores Colin Boddy to third
|
|
Batting: RHB José Molina
|
0-0: Called Strike 0-1: Ball 1-1: Swinging Strike 1-2: Strikes out swinging
|
|
Batting: RHB Dan Grable
|
0-0: Called Strike 0-1: Ball 1-1: Called Strike 1-2: SINGLE (Groundball, 6D, EV 102.5 MPH) Colin Boddy scores Ryan Gautney to third
|
|
Batting: LHB Jon Ventura
|
0-0: Ball 1-0: Foul Ball, location: 2F 1-1: Ball 2-1: Swinging Strike 2-2: Ball 3-2: Foul Ball, location: 2F 3-2: Base on Balls Dan Grable to second
|
|
Batting: SHB Ian Thompson
|
0-0: Ball 1-0: Foul Ball, location: 2F 1-1: Ball 2-1: Called Strike 2-2: Foul Ball, location: 2F 2-2: Foul Ball, location: 2F 2-2: Foul Ball, location: 2F 2-2: Foul Ball, location: 2F 2-2: Fly out, F9 (Flyball, 9LM, EV 81.9 MPH)
|
| Top of the 5th over - 5 runs, 6 hits, 0 errors, 3 left on base; Rochester 7 - Columbus 2 |
| BOTTOM OF THE 5TH |
|
Columbus Clippers batting - Pitching for Rochester Red Wings : RHP Mike Moon
|
|
Batting: LHB John Harring
|
0-0: Ball 1-0: Ball 2-0: Called Strike 2-1: Called Strike 2-2: Foul Ball, location: 2F 2-2: Ball 3-2: Strikes out swinging
|
|
Batting: RHB Jason Sher
|
0-0: Called Strike 0-1: Ball 1-1: Ball 2-1: Foul Ball, location: 2F 2-2: Ground out 1-3 (Groundball, 13, EV 68.1 MPH)
|
|
Batting: SHB Valentin Laporte
|
0-0: Called Strike 0-1: Ball 1-1: Ground out 6-3 (Groundball, 6, EV 78.1 MPH)
|
| Bottom of the 5th over - 0 runs, 0 hits, 0 errors, 0 left on base; Rochester 7 - Columbus 2 |
| TOP OF THE 6TH |
|
Rochester Red Wings batting - Pitching for Columbus Clippers : RHP Dennis Beals
|
|
Batting: RHB Leo Gonzalez
|
0-0: Called Strike 0-1: Called Strike 0-2: Ball 1-2: Strikes out looking
|
|
Batting: LHB Chaim Huting
|
0-0: Fly out, F9 (Flyball, 9, EV 95.0 MPH)
|
|
Batting: RHB Jason Gee
|
0-0: Ball 1-0: Ground out 5-3 (Groundball, 56S, EV 83.1 MPH)
|
| Top of the 6th over - 0 runs, 0 hits, 0 errors, 0 left on base; Rochester 7 - Columbus 2 |
| BOTTOM OF THE 6TH |
|
Columbus Clippers batting - Pitching for Rochester Red Wings : RHP Mike Moon
|
|
Batting: LHB Zion Davidson
|
0-0: Ball 1-0: Ball 2-0: Ground out U3 (Groundball, 3L, EV 83.1 MPH)
|
|
Batting: RHB Eddie LaRose
|
0-0: Swinging Strike 0-1: Ball 1-1: Foul Ball, location: 2F 1-2: Fly out, F7 (Flyball, 7LSF, EV 76.2 MPH)
|
|
Batting: RHB Mike Quackenbush
|
0-0: Fly out, F7 (Flyball, 78M, EV 92.5 MPH)
|
| Bottom of the 6th over - 0 runs, 0 hits, 0 errors, 0 left on base; Rochester 7 - Columbus 2 |
| TOP OF THE 7TH |
|
Rochester Red Wings batting - Pitching for Columbus Clippers : RHP Dennis Beals
|
|
Batting: RHB Colin Boddy
|
0-0: Ball 1-0: Called Strike 1-1: SINGLE (Flyball, 3D, EV 89.4 MPH)
|
|
Batting: RHB Ryan Gautney
|
0-0: Ball 1-0: Called Strike 1-1: Swinging Strike 1-2: Ball 2-2: Foul Ball, location: 2F 2-2: Ground out 5-3 (Groundball, 56D, EV 110.6 MPH) Colin Boddy to second
|
|
Batting: RHB José Molina
|
0-0: Ball 1-0: Fly out, F7 (Flyball, 7S, EV 78.1 MPH) Lined into DP, 7-4 (Flyball, 7S, EV 78.1 MPH)
|
| Top of the 7th over - 0 runs, 1 hit, 0 errors, 0 left on base; Rochester 7 - Columbus 2 |
| BOTTOM OF THE 7TH |
|
Columbus Clippers batting - Pitching for Rochester Red Wings : RHP Mike Moon
|
|
Batting: RHB Chad Thompson
|
0-0: Swinging Strike 0-1: Foul Ball, location: 2F 0-2: Foul Ball, location: 2F 0-2: Ball 1-2: Ball 2-2: Strikes out swinging
|
|
Batting: SHB Scott Scott
|
0-0: Ball 1-0: Swinging Strike 1-1: Ball 2-1: Swinging Strike 2-2: Ball 3-2: Foul Ball, location: 2F 3-2: Base on Balls
|
|
Batting: RHB George Wagner
|
0-0: Foul Ball, location: 2F 0-1: Called Strike Scott Scott steals 2nd base 0-2: Foul Ball, location: 2F 0-2: Ball 1-2: Strikes out looking
|
|
Pitching: LHP Brian Rhyne
|
|
|
Batting: LHB John Harring
|
0-0: Called Strike 0-1: Called Strike 0-2: Ball 1-2: Ball 2-2: Strikes out swinging
|
| Bottom of the 7th over - 0 runs, 0 hits, 0 errors, 1 left on base; Rochester 7 - Columbus 2 |
| TOP OF THE 8TH |
|
Rochester Red Wings batting - Pitching for Columbus Clippers : RHP Dennis Beals
|
|
Batting: RHB Dan Grable
|
0-0: Called Strike 0-1: Fly out, F7 (Flyball, 7LM, EV 81.9 MPH)
|
|
Batting: LHB Jon Ventura
|
0-0: Ground out 6-3 (Groundball, 6, EV 100.6 MPH)
|
|
Batting: SHB Ian Thompson
|
0-0: Swinging Strike 0-1: Ball 1-1: Called Strike 1-2: DOUBLE (Flyball, 78XD, EV 93.1 MPH)
|
|
Pitching: RHP Jason Greene
|
|
|
Batting: RHB Leo Gonzalez
|
0-0: Ball 1-0: Called Strike 1-1: Foul Ball, location: 2F 1-2: Ball 2-2: Ball 3-2: Ground out 4-3 (Groundball, 4M, EV 85.6 MPH)
|
| Top of the 8th over - 0 runs, 1 hit, 0 errors, 1 left on base; Rochester 7 - Columbus 2 |
| BOTTOM OF THE 8TH |
|
Columbus Clippers batting - Pitching for Rochester Red Wings : LHP Brian Rhyne
|
|
Batting: RHB Jason Sher
|
0-0: Called Strike 0-1: Ball 1-1: Ball 2-1: Ball 3-1: Foul Ball, location: 2F 3-2: Strikes out looking
|
|
Batting: SHB Valentin Laporte
|
0-0: Fly out, F8 (Flyball, 89S, EV 98.1 MPH)
|
|
Pinch Hitting: RHB Josh Hoeye
|
0-0: Reached on error, E4 (Groundball, 4, EV 90.6 MPH)
|
|
Batting: RHB Eddie LaRose
|
0-0: Ball 1-0: Ball 2-0: Swinging Strike 2-1: Ball Wild Pitch! Josh Hoeye to second 3-1: Foul Ball, location: 2F 3-2: Base on Balls
|
|
Batting: RHB Mike Quackenbush
|
0-0: Ball 1-0: Foul Ball, location: 2F 1-1: Called Strike 1-2: Strikes out swinging
|
| Bottom of the 8th over - 0 runs, 0 hits, 1 error, 2 left on base; Rochester 7 - Columbus 2 |
| TOP OF THE 9TH |
|
Rochester Red Wings batting - Pitching for Columbus Clippers : RHP Jason Greene
|
|
Now in LF: Rick O'Reilly
|
|
|
Batting: LHB Chaim Huting
|
0-0: Foul Ball, location: 2F 0-1: Ball 1-1: Ball 2-1: Ball 3-1: Base on Balls
|
|
Batting: RHB Jason Gee
|
0-0: Ball 1-0: Fielders Choice at 2nd, 5-4 (Groundball, 5, EV 101.2 MPH)
|
|
Batting: RHB Colin Boddy
|
0-0: Ball 1-0: Ball Jason Gee steals 2nd base 2-0: Foul Ball, location: 2F 2-1: Ball 3-1: Called Strike 3-2: Foul Ball, location: 2F 3-2: Ground out 4-3 (Groundball, 4, EV 83.8 MPH) Jason Gee to third
|
|
Batting: RHB Ryan Gautney
|
0-0: Foul Ball, location: 2F 0-1: Fly out, F3 (Line Drive, 34, EV 76.2 MPH)
|
| Top of the 9th over - 0 runs, 0 hits, 0 errors, 1 left on base; Rochester 7 - Columbus 2 |
| BOTTOM OF THE 9TH |
|
Columbus Clippers batting - Pitching for Rochester Red Wings : LHP Brian Rhyne
|
|
Batting: RHB Chad Thompson
|
0-0: Foul Ball, location: 2F 0-1: Ground out 6-3 (Groundball, 6, EV 108.8 MPH)
|
|
Batting: SHB Scott Scott
|
0-0: Called Strike 0-1: DOUBLE (Line Drive, 89D, EV 107.5 MPH)
|
|
Batting: RHB George Wagner
|
0-0: Foul Ball, location: 2F 0-1: Foul Ball, location: 2F 0-2: Foul Ball, location: 2F 0-2: Strikes out swinging
|
|
Batting: LHB John Harring
|
0-0: Ball 1-0: Foul Ball, location: 2F 1-1: Ball 2-1: Reached on error, E6 (Groundball, 6, EV 107.5 MPH) Scott Scott scores
|
|
Batting: RHB Jason Sher
|
0-0: Ball 1-0: Foul Ball, location: 2F 1-1: Foul Ball, location: 2F 1-2: Fly out, F8 (Flyball, 8RD, EV 71.9 MPH)
|
| Bottom of the 9th over - 1 run, 1 hit, 1 error, 1 left on base; Rochester 7 - Columbus 3 |
|